Atomiques vs Manchots
Created - 25 novembre 2012 at 19:26
Goals
|
| Atomiques |
0 |
1 |
1 |
2 |
| Manchots |
0 |
2 |
2 |
4 |
|
Shots
|
| Atomiques |
18 |
7 |
11 |
36 |
| Manchots |
13 |
9 |
13 |
35 |
|
1st period
No Goal
Penalties :
Pat Rissmiller (STB) for Hooking (Minor) at 3:15, Cal Clutterbuck (Out) for Hooking (Minor) at 8:30, Denis Hamel (STB) for Delaying the game (Minor) at 11:04, Bobby Butler (Out) for High sticking (Minor) at 16:25, Kyle Okposo (STB) for Hooking (Minor) at 16:25
2nd period
1. Manchots , Alexander Radulov 3 (Martin Hanzal) at 6:17
2. Manchots , Petr Sykora 4 (Matt Corrente) at 9:06
3. Atomiques , Pascal Pelletier 1 (Boyd Gordon, Kyle Okposo) at 16:57
Penalties :
Jamie Benn (Out) for Roughing (Minor) at 1:42, Andy Greene (STB) for Holding Stick (Minor) at 1:42
3rd period
4. Manchots , Tyler Kennedy 2 (Spencer Machacek, Eric Tangradi) at 1:08
5. Atomiques , John Zeiler 7 (Kyle Turris, Denis Hamel) at 2:10
6. Manchots , Martin Hanzal 5 (Alexander Radulov) at 7:23
Penalties :
Riley Armstrong (Out) for Tripping (Minor) at 2:42, Eric Tangradi (Out) for Roughing (Minor) at 4:58, Nick Johnson (STB) for Interference (Minor) at 4:58, Denis Hamel (STB) for Roughing (Minor) at 7:36
Goalie Stats
Semyon Varlamov (STB), 31 saves from 35 shots - (0,886), L, 1-2-0, 60:00 minutes
Ondrej Pavelec (Out), 34 saves from 36 shots - (0,944), W, 3-1-1, 60:00 minutes
Players Stats for Atomiques
Player Name G A P +/- PIM S H SB GA TA FO MP PP MP PK MP
------------------------------------------------------------------------------------
Adam Pardy 0 0 0 -1 0 1 1 3 0 0 0/0 23:58 2:19 3:41
Andy Greene 0 0 0 -1 2 1 0 1 0 1 0/0 12:30 0:00 0:00
Boyd Gordon 0 1 1 -1 0 6 1 1 1 0 10/13 19:11 1:50 3:07
Brandon Dubinsky 0 0 0 -1 0 3 1 0 0 0 17/36 22:54 2:08 2:37
Brendon Nash 0 0 0 -1 0 1 0 0 1 1 0/0 18:07 1:39 2:16
Brett Sutter 0 0 0 0 0 0 2 1 0 0 0/3 7:26 0:00 0:09
Denis Hamel 0 1 1 -1 4 1 2 1 1 0 1/2 15:33 2:08 0:08
John Zeiler 1 0 1 -1 0 2 1 0 1 0 0/0 15:09 0:00 1:49
Kevin Estrada 0 0 0 0 0 0 1 0 0 0 0/0 8:13 0:00 0:53
Kyle Okposo 0 1 1 0 2 0 1 0 0 0 0/0 12:41 1:50 0:00
Kyle Turris 0 1 1 -1 0 2 1 0 0 0 3/7 13:05 0:00 1:49
Mattias Ohlund 0 0 0 0 0 6 3 3 1 1 0/0 28:46 2:19 3:41
Nick Johnson 0 0 0 -1 2 1 1 0 0 0 0/0 8:57 0:00 0:00
Pascal Pelletier 1 0 1 0 0 3 2 0 0 0 0/0 12:27 0:00 1:22
Pat Rissmiller 0 0 0 0 2 1 2 2 0 0 2/2 16:03 1:50 0:00
Phil Kessel 0 0 0 0 0 6 1 0 0 0 0/1 16:21 2:08 0:00
Shawn Belle 0 0 0 0 0 0 0 1 0 0 0/0 11:20 0:00 0:00
Wes O'Neill 0 0 0 -1 0 2 4 2 1 4 0/0 25:19 1:39 2:16
Players Stats for Manchots
Player Name G A P +/- PIM S H SB GA TA FO MP PP MP PK MP
------------------------------------------------------------------------------------
Alexander Radulov 1 1 2 3 0 5 5 0 1 0 2/2 20:27 3:08 0:00
Bobby Butler 0 0 0 0 2 3 0 0 0 0 0/0 7:17 2:00 0:00
Bryan Allen 0 0 0 0 0 0 1 1 0 0 0/0 18:52 3:29 1:27
Cal Clutterbuck 0 0 0 0 2 0 2 0 0 0 1/2 15:10 0:08 0:59
Eric Tangradi 0 1 1 1 2 0 1 0 0 1 0/1 11:14 0:59 0:08
Hal Gill 0 0 0 0 0 1 3 1 0 1 0/0 19:58 0:00 2:31
Jamie Benn 0 0 0 1 2 0 2 1 0 0 1/1 17:09 2:47 1:01
Kris Russell 0 0 0 1 0 1 0 5 0 1 0/0 14:29 0:00 0:00
Logan Couture 0 0 0 0 0 0 2 1 0 0 5/11 15:11 0:32 1:14
Martin Hanzal 1 1 2 1 0 9 1 1 0 0 16/34 22:37 3:01 0:03
Matt Corrente 0 1 1 1 0 1 0 1 0 1 0/0 18:25 2:28 1:27
Mike Watt 0 0 0 0 0 1 1 1 1 0 0/0 11:58 0:11 2:13
Pernell Karl Subban 0 0 0 1 0 3 1 3 2 1 0/0 25:24 3:29 0:00
Petr Sykora 1 0 1 0 0 4 2 1 2 1 0/0 16:01 2:41 0:36
Riley Armstrong 0 0 0 0 2 3 0 2 0 0 3/9 15:14 2:24 1:06
Spencer Machacek 0 1 1 0 0 0 0 0 0 0 0/0 8:33 0:00 0:00
Stanislav Neckar 0 0 0 1 0 2 3 0 1 0 0/0 22:52 2:28 2:31
Tyler Kennedy 1 0 1 0 0 2 1 0 0 0 3/4 9:09 0:00 0:36
3 Stars
1 - Alexander Radulov (Out)
2 - Martin Hanzal (Out)
3 - Ondrej Pavelec (Out)
Power Play
Atomiques - 0 on 2 Attempt(s) - 0,00%
Manchots - 0 on 3 Attempt(s) - 0,00%
Penalty Kill
Atomiques - 3 on 3 Attempt(s) - 100,00%
- Score 0 goal in Penalty Kill
Manchots - 2 on 2 Attempt(s) - 100,00%
- Score 0 goal in Penalty Kill
Official
Referees : Rehman Kyle and StLaurent Francois
Linesman : David Brisebois and Tim Nowak
Game Notes
Bobby Butler is injured at 5:38 of 2nd period (Right Leg)
Atomiques
5 vs 5 Forward
Center Left Wing Right Wing Time % Phy DF OF
1 Brandon Dubinsky Pat Rissmiller Phil Kessel 40 1 2 2
2 Boyd Gordon Pascal Pelletier Kyle Okposo 30 1 2 2
3 Kyle Turris Denis Hamel John Zeiler 20 1 2 2
4 Brett Sutter Kevin Estrada Nick Johnson 10 1 2 2
5 vs 5 Defense
Defense Defense Time % Phy DF OF
1 Mattias Ohlund Wes O'Neill 40 1 2 2
2 Brendon Nash Adam Pardy 30 1 2 2
3 Shawn Belle Andy Greene 20 1 2 2
4 Mattias Ohlund Adam Pardy 10 1 2 2
PowerPlay Forward
Center Left Wing Right Wing Time % Phy DF OF
1 Brandon Dubinsky Denis Hamel Phil Kessel 60 1 2 2
2 Boyd Gordon Pat Rissmiller Kyle Okposo 40 1 2 2
PowerPlay Defense
Defense Defense Time % Phy DF OF
1 Mattias Ohlund Adam Pardy 60 1 2 2
2 Brendon Nash Wes O'Neill 40 1 2 2
Penalty Kill 4 Players Forward
Center Wing Time % Phy DF OF
1 Brandon Dubinsky Boyd Gordon 60 1 2 2
2 Kyle Turris John Zeiler 40 1 2 2
Penalty Kill 4 Players Defense
Defense Defense Time % Phy DF OF
1 Mattias Ohlund Adam Pardy 60 1 2 2
2 Brendon Nash Wes O'Neill 40 1 2 2
Penalty Kill - 3 Players Forward
Forward Time % Phy DF OF
1 Brandon Dubinsky 60 1 2 2
2 Boyd Gordon 40 1 2 2
Penalty Kill - 3 Players Defense
Defense Defense Time % Phy DF OF
1 Mattias Ohlund Adam Pardy 60 1 2 2
2 Andy Greene Wes O'Neill 40 1 2 2
4 vs 4 Forward
Center Wing Time % Phy DF OF
1 Brandon Dubinsky Boyd Gordon 60 1 2 2
2 Denis Hamel John Zeiler 40 1 2 2
4 vs 4 Defense
Defense Defense Time % Phy DF OF
1 Mattias Ohlund Adam Pardy 60 1 2 2
2 Andy Greene Wes O'Neill 40 1 2 2
Last Minutes Offensive
Center Left Wing Right Wing Defense Defense
Brandon Dubinsky Denis Hamel John Zeiler Mattias Ohlund Adam Pardy
Last Minutes Defensive
Center Left Wing Right Wing Defense Defense
Brandon Dubinsky Denis Hamel John Zeiler Mattias Ohlund Adam Pardy
Goaltenders
Starting : Semyon Varlamov
Backup : Mike Brodeur
Extra Forwards
Normal : Kyle Okposo, Nick Johnson, Pascal Pelletier - PP : Kyle Okposo, Nick Johnson - PK : Pascal Pelletier
Extra Defensemen
Normal : Shawn Belle, Brendon Nash, Andy Greene - PP : Shawn Belle - PK : Brendon Nash, Andy Greene
Penalty Shots
Brandon Dubinsky, Boyd Gordon, Denis Hamel, John Zeiler, Phil Kessel
Manchots
5 vs 5 Forward
Center Left Wing Right Wing Time % Phy DF OF
1 Martin Hanzal Jamie Benn Alexander Radulov 37 0 1 4
2 Logan Couture Bobby Butler Petr Sykora 30 0 1 4
3 Riley Armstrong Mike Watt Cal Clutterbuck 23 0 1 4
4 Tyler Kennedy Eric Tangradi Spencer Machacek 10 1 1 3
5 vs 5 Defense
Defense Defense Time % Phy DF OF
1 Hal Gill Pernell Karl Subban 40 1 2 2
2 Bryan Allen Stanislav Neckar 30 1 2 2
3 Kris Russell Matt Corrente 20 1 2 2
4 Hal Gill Pernell Karl Subban 10 0 1 4
PowerPlay Forward
Center Left Wing Right Wing Time % Phy DF OF
1 Martin Hanzal Bobby Butler Alexander Radulov 60 1 1 3
2 Riley Armstrong Jamie Benn Petr Sykora 40 1 1 3
PowerPlay Defense
Defense Defense Time % Phy DF OF
1 Bryan Allen Pernell Karl Subban 60 1 1 3
2 Matt Corrente Stanislav Neckar 40 1 1 3
Penalty Kill 4 Players Forward
Center Wing Time % Phy DF OF
1 Riley Armstrong Mike Watt 60 1 2 2
2 Tyler Kennedy Petr Sykora 40 1 2 2
Penalty Kill 4 Players Defense
Defense Defense Time % Phy DF OF
1 Hal Gill Stanislav Neckar 60 1 2 2
2 Bryan Allen Matt Corrente 40 1 2 2
Penalty Kill - 3 Players Forward
Forward Time % Phy DF OF
1 Riley Armstrong 60 1 2 2
2 Petr Sykora 40 1 2 2
Penalty Kill - 3 Players Defense
Defense Defense Time % Phy DF OF
1 Bryan Allen Hal Gill 60 1 2 2
2 Stanislav Neckar Kris Russell 40 1 2 2
4 vs 4 Forward
Center Wing Time % Phy DF OF
1 Martin Hanzal Alexander Radulov 60 1 1 3
2 Riley Armstrong Bobby Butler 40 1 1 3
4 vs 4 Defense
Defense Defense Time % Phy DF OF
1 Pernell Karl Subban Stanislav Neckar 60 1 1 3
2 Matt Corrente Kris Russell 40 1 1 3
Last Minutes Offensive
Center Left Wing Right Wing Defense Defense
Martin Hanzal Bobby Butler Alexander Radulov Hal Gill Pernell Karl Subban
Last Minutes Defensive
Center Left Wing Right Wing Defense Defense
Martin Hanzal Mike Watt Petr Sykora Bryan Allen Hal Gill
Goaltenders
Starting : Ondrej Pavelec
Backup : Manny Fernandez
Extra Forwards
Normal : Martin Hanzal, Alexander Radulov, Cal Clutterbuck - PP : Martin Hanzal, Alexander Radulov - PK : Cal Clutterbuck
Extra Defensemen
Normal : Kris Russell, Matt Corrente, Hal Gill - PP : Kris Russell - PK : Matt Corrente, Hal Gill
Penalty Shots
Petr Sykora, Bobby Butler, Logan Couture, Alexander Radulov, Martin Hanzal
% Time on Ice - Atomiques
Lines # - Real PCT - Wanted PCT - Time Play
Normal Forward
1 - 33% - 40% - 14:39
2 - 29% - 30% - 12:49
3 - 21% - 20% - 9:23
4 - 17% - 10% - 7:17
Normal Defense
1 - 39% - 40% - 17:20
2 - 33% - 30% - 14:38
3 - 24% - 20% - 10:43
4 - 3% - 10% - 1:27
PP Forward
1 - 54% - 60% - 2:08
2 - 46% - 40% - 1:50
PP Defense
1 - 58% - 60% - 2:19
2 - 42% - 40% - 1:39
PK Forward
1 - 69% - 60% - 4:08
2 - 31% - 40% - 1:49
PK Defense
1 - 62% - 60% - 3:41
2 - 38% - 40% - 2:16
PK3 Forward
1 - 0% - 60%
2 - 0% - 40%
PK3 Defense
1 - 0% - 60%
2 - 0% - 40%
44 Forward
1 - 73% - 60% - 4:22
2 - 27% - 40% - 1:35
44 Defense
1 - 67% - 60% - 3:59
2 - 33% - 40% - 1:58
Last Minute Offensive - 0:00
Last Minute Defensive - 0:00
Total
Forward - 60:00
Defense - 60:00
|
% Time on Ice - Manchots
Lines # - Real PCT - Wanted PCT - Time Play
Normal Forward
1 - 31% - 37% - 13:51
2 - 28% - 30% - 12:17
3 - 21% - 23% - 9:27
4 - 19% - 10% - 8:33
Normal Defense
1 - 42% - 40% - 18:26
2 - 29% - 30% - 13:01
3 - 26% - 20% - 11:28
4 - 3% - 10% - 1:13
PP Forward
1 - 60% - 60% - 3:33
2 - 40% - 40% - 2:24
PP Defense
1 - 59% - 60% - 3:29
2 - 41% - 40% - 2:28
PK Forward
1 - 85% - 60% - 3:22
2 - 15% - 40% - 0:36
PK Defense
1 - 63% - 60% - 2:31
2 - 37% - 40% - 1:27
PK3 Forward
1 - 0% - 60%
2 - 0% - 40%
PK3 Defense
1 - 0% - 60%
2 - 0% - 40%
44 Forward
1 - 71% - 60% - 4:12
2 - 29% - 40% - 1:45
44 Defense
1 - 54% - 60% - 3:13
2 - 46% - 40% - 2:44
Last Minute Offensive - 0:00
Last Minute Defensive - 0:00
Total
Forward - 60:00
Defense - 60:00
|
Play by Play
1st period
0:01 of 1st period - Martin Hanzal wins face-off versus Brandon Dubinsky in neutral zone.
0:04 of 1st period - Snap shot by Martin Hanzal.
0:04 of 1st period - Stopped by Semyon Varlamov without a rebound.
0:05 of 1st period - Pat Rissmiller wins face-off versus Martin Hanzal in Atomiques zone.
0:14 of 1st period - Slapshot by Mattias Ohlund.
0:14 of 1st period - Stopped by Ondrej Pavelec with a rebound.
0:32 of 1st period - Kyle Okposo is hit by Logan Couture and loses puck.
1:00 of 1st period - Off-side.
1:01 of 1st period - Tyler Kennedy wins face-off versus Brett Sutter in neutral zone.
1:05 of 1st period - Slapshot by Matt Corrente.
1:05 of 1st period - Deflect By Tyler Kennedy.
1:05 of 1st period - Shot Misses the Net.
1:05 of 1st period - Puck is out of play.
1:06 of 1st period - Tyler Kennedy wins face-off versus Brett Sutter in Atomiques zone.
1:39 of 1st period - Wrist shot by Phil Kessel.
1:39 of 1st period - Stopped by Ondrej Pavelec with a rebound.
1:53 of 1st period - Snap shot by John Zeiler.
1:53 of 1st period - Shot Misses the Net.
1:59 of 1st period - Wrist shot by Bobby Butler.
1:59 of 1st period - Stopped by Semyon Varlamov without a rebound.
2:00 of 1st period - Boyd Gordon wins face-off versus Riley Armstrong in Atomiques zone.
2:00 of 1st period - Boyd Gordon is hit by Hal Gill.
2:12 of 1st period - Snap shot by Boyd Gordon.
2:12 of 1st period - Stopped by Ondrej Pavelec with a rebound.
2:26 of 1st period - Shawn Belle is hit by Hal Gill and loses puck.
2:55 of 1st period - Slapshot by Nick Johnson.
2:55 of 1st period - Stopped by Ondrej Pavelec with a rebound.
2:57 of 1st period - Slapshot by Mattias Ohlund.
2:57 of 1st period - Stopped by Ondrej Pavelec without a rebound.
2:58 of 1st period - Boyd Gordon wins face-off versus Martin Hanzal in Manchots zone.
3:01 of 1st period - Snap shot by Boyd Gordon.
3:01 of 1st period - Stopped by Ondrej Pavelec without a rebound.
3:02 of 1st period - Boyd Gordon wins face-off versus Martin Hanzal in Manchots zone.
3:05 of 1st period - Wrist shot by Boyd Gordon.
3:05 of 1st period - Stopped by Ondrej Pavelec with a rebound.
3:07 of 1st period - Wrist shot by Mattias Ohlund.
3:07 of 1st period - Shot Blocked by Hal Gill.
3:09 of 1st period - Snap shot by Mattias Ohlund.
3:09 of 1st period - Stopped by Ondrej Pavelec without a rebound.
3:10 of 1st period - Martin Hanzal wins face-off versus Brandon Dubinsky in Manchots zone.
3:10 of 1st period - Martin Hanzal is hit by Brandon Dubinsky.
3:15 of 1st period - Minor Penalty to Pat Rissmiller for Hooking.
3:16 of 1st period - Martin Hanzal wins face-off versus Brandon Dubinsky in Atomiques zone.
3:17 of 1st period - Snap shot by Alexander Radulov.
3:17 of 1st period - Shot Misses the Net.
3:19 of 1st period - Wrist shot by Bryan Allen.
3:19 of 1st period - Shot Misses the Net.
3:21 of 1st period - Slapshot by Bryan Allen.
3:21 of 1st period - Deflect By Alexander Radulov.
3:21 of 1st period - Stopped by Semyon Varlamov with a rebound.
3:41 of 1st period - Bryan Allen is hit by John Zeiler and loses puck.
5:15 of 1st period - Penalty to Pat Rissmiller is over, Pat Rissmiller is back on ice.
5:39 of 1st period - Snap shot by Nick Johnson.
5:39 of 1st period - Shot Misses the Net.
5:42 of 1st period - Icing by Bryan Allen.
5:43 of 1st period - Brandon Dubinsky wins face-off versus Riley Armstrong in Manchots zone.
5:46 of 1st period - Snap shot by Phil Kessel.
5:46 of 1st period - Stopped by Ondrej Pavelec without a rebound.
5:47 of 1st period - Brandon Dubinsky wins face-off versus Logan Couture in Manchots zone.
6:12 of 1st period - Andy Greene is hit by Alexander Radulov and loses puck.
6:21 of 1st period - Backhand shot by Alexander Radulov.
6:21 of 1st period - Shot Misses the Net.
7:22 of 1st period - Snap shot by Bobby Butler.
7:22 of 1st period - Stopped by Semyon Varlamov without a rebound.
7:23 of 1st period - Alexander Radulov wins face-off versus Boyd Gordon in Atomiques zone.
7:26 of 1st period - Wrist shot by Alexander Radulov.
7:26 of 1st period - Shot Blocked by Boyd Gordon.
7:28 of 1st period - Wrist shot by Martin Hanzal.
7:28 of 1st period - Stopped by Semyon Varlamov with a rebound.
7:52 of 1st period - Snap shot by Brandon Dubinsky.
7:52 of 1st period - Stopped by Ondrej Pavelec with a rebound.
8:00 of 1st period - Adam Pardy is hit by Stanislav Neckar and loses puck.
8:13 of 1st period - Wrist shot by Phil Kessel.
8:13 of 1st period - Stopped by Ondrej Pavelec without a rebound.
8:14 of 1st period - Kyle Turris wins face-off versus Riley Armstrong in Manchots zone.
8:30 of 1st period - Minor Penalty to Cal Clutterbuck for Hooking.
8:31 of 1st period - Riley Armstrong wins face-off versus Brandon Dubinsky in Manchots zone.
8:40 of 1st period - Slapshot by Mattias Ohlund.
8:40 of 1st period - Shot Misses the Net.
8:42 of 1st period - Slapshot by Mattias Ohlund.
8:42 of 1st period - Stopped by Ondrej Pavelec without a rebound.
8:43 of 1st period - Riley Armstrong wins face-off versus Brandon Dubinsky in Manchots zone.
10:30 of 1st period - Penalty to Cal Clutterbuck is over, Cal Clutterbuck is back on ice.
10:38 of 1st period - Snap shot by Alexander Radulov.
10:38 of 1st period - Stopped by Semyon Varlamov with a rebound.
10:40 of 1st period - Slapshot by Kris Russell.
10:40 of 1st period - Shot Misses the Net.
10:42 of 1st period - Slapshot by Hal Gill.
10:42 of 1st period - Stopped by Semyon Varlamov with a rebound.
10:48 of 1st period - Pernell Karl Subban is hit by Brett Sutter and loses puck.
11:04 of 1st period - Minor Penalty to Denis Hamel for Delaying the game.
11:05 of 1st period - Brandon Dubinsky wins face-off versus Martin Hanzal in Atomiques zone.
11:14 of 1st period - Wrist shot by Mattias Ohlund.
11:14 of 1st period - Shot Misses the Net.
12:54 of 1st period - Stanislav Neckar is hit by Kyle Turris and loses puck.
13:04 of 1st period - Penalty to Denis Hamel is over, Denis Hamel is back on ice.
13:19 of 1st period - Wrist shot by John Zeiler.
13:19 of 1st period - Shot Blocked by Kris Russell.
13:21 of 1st period - Wrist shot by Denis Hamel.
13:21 of 1st period - Shot Misses the Net.
13:23 of 1st period - Slapshot by Wes O'Neill.
13:23 of 1st period - Shot Misses the Net.
13:29 of 1st period - Snap shot by John Zeiler.
13:29 of 1st period - Stopped by Ondrej Pavelec with a rebound.
13:31 of 1st period - Slapshot by Brendon Nash.
13:31 of 1st period - Shot Blocked by Kris Russell.
13:33 of 1st period - Snap shot by Brendon Nash.
13:33 of 1st period - Shot Blocked by Kris Russell.
14:24 of 1st period - Eric Tangradi is hit by Denis Hamel and loses puck.
14:35 of 1st period - Slapshot by Denis Hamel.
14:35 of 1st period - Stopped by Ondrej Pavelec without a rebound.
14:36 of 1st period - Brandon Dubinsky wins face-off versus Martin Hanzal in Manchots zone.
14:49 of 1st period - Slapshot by Alexander Radulov.
14:49 of 1st period - Stopped by Semyon Varlamov with a rebound.
14:51 of 1st period - Wrist shot by Martin Hanzal.
14:51 of 1st period - Stopped by Semyon Varlamov without a rebound.
14:52 of 1st period - Boyd Gordon wins face-off versus Logan Couture in Atomiques zone.
15:06 of 1st period - Off-side.
15:07 of 1st period - Brandon Dubinsky wins face-off versus Martin Hanzal in neutral zone.
15:32 of 1st period - Boyd Gordon is hit by Petr Sykora and loses puck.
15:41 of 1st period - Snap shot by Petr Sykora.
15:41 of 1st period - Stopped by Semyon Varlamov without a rebound.
15:42 of 1st period - Martin Hanzal wins face-off versus Brandon Dubinsky in Atomiques zone.
15:45 of 1st period - Snap shot by Martin Hanzal.
15:45 of 1st period - Stopped by Semyon Varlamov with a rebound.
16:07 of 1st period - Brandon Dubinsky is hit by Bryan Allen.
16:11 of 1st period - Snap shot by Petr Sykora.
16:11 of 1st period - Stopped by Semyon Varlamov without a rebound.
16:12 of 1st period - Boyd Gordon wins face-off versus Logan Couture in Atomiques zone.
16:25 of 1st period - Wrist shot by Bobby Butler.
16:25 of 1st period - Stopped by Semyon Varlamov without a rebound.
16:25 of 1st period - Minor Penalty to Bobby Butler for High sticking.
16:25 of 1st period - Minor Penalty to Kyle Okposo for Hooking.
16:26 of 1st period - Brandon Dubinsky wins face-off versus Martin Hanzal in Atomiques zone.
16:35 of 1st period - Snap shot by Martin Hanzal.
16:35 of 1st period - Shot Blocked by Adam Pardy.
17:43 of 1st period - Wes O'Neill is hit by Jamie Benn.
18:01 of 1st period - Martin Hanzal is hit by Adam Pardy and loses puck.
18:20 of 1st period - Riley Armstrong is hit by Wes O'Neill and loses puck.
18:25 of 1st period - Penalty to Bobby Butler is over, Bobby Butler is back on ice.
18:25 of 1st period - Penalty to Kyle Okposo is over, Kyle Okposo is back on ice.
19:09 of 1st period - Wrist shot by Brandon Dubinsky.
19:09 of 1st period - Shot Blocked by Riley Armstrong.
19:11 of 1st period - Slapshot by Brandon Dubinsky.
19:11 of 1st period - Stopped by Ondrej Pavelec without a rebound.
19:12 of 1st period - Brandon Dubinsky wins face-off versus Cal Clutterbuck in Manchots zone.
19:17 of 1st period - Slapshot by Phil Kessel.
19:17 of 1st period - Stopped by Ondrej Pavelec without a rebound.
19:18 of 1st period - Brandon Dubinsky wins face-off versus Martin Hanzal in Manchots zone.
19:21 of 1st period - Wrist shot by Brandon Dubinsky.
19:21 of 1st period - Shot Blocked by Martin Hanzal.
19:23 of 1st period - Wrist shot by Mattias Ohlund.
19:23 of 1st period - Stopped by Ondrej Pavelec with a rebound.
19:27 of 1st period - Snap shot by Brandon Dubinsky.
19:27 of 1st period - Shot Blocked by Jamie Benn.
19:29 of 1st period - Slapshot by Wes O'Neill.
19:29 of 1st period - Stopped by Ondrej Pavelec without a rebound.
19:30 of 1st period - Martin Hanzal wins face-off versus Phil Kessel in Manchots zone.
19:39 of 1st period - Snap shot by Alexander Radulov.
19:39 of 1st period - Shot Misses the Net.
19:41 of 1st period - Slapshot by Hal Gill.
19:41 of 1st period - Shot Blocked by Mattias Ohlund.
19:43 of 1st period - Snap shot by Jamie Benn.
19:43 of 1st period - Shot Blocked by Mattias Ohlund.
2nd period
0:01 of 2nd period - Martin Hanzal wins face-off versus Brandon Dubinsky in neutral zone.
0:04 of 2nd period - Slapshot by Bryan Allen.
0:04 of 2nd period - Shot Blocked by Pat Rissmiller.
0:06 of 2nd period - Slapshot by Bryan Allen.
0:06 of 2nd period - Shot Misses the Net.
0:08 of 2nd period - Snap shot by Alexander Radulov.
0:08 of 2nd period - Shot Blocked by Wes O'Neill.
0:10 of 2nd period - Backhand shot by Martin Hanzal.
0:10 of 2nd period - Shot Blocked by Wes O'Neill.
0:12 of 2nd period - Snap shot by Jamie Benn.
0:12 of 2nd period - Shot Misses the Net.
0:14 of 2nd period - Snap shot by Alexander Radulov.
0:14 of 2nd period - Deflect By Martin Hanzal.
0:14 of 2nd period - Shot Misses the Net.
0:14 of 2nd period - Puck is out of play.
0:15 of 2nd period - Logan Couture wins face-off versus Denis Hamel in Atomiques zone.
0:16 of 2nd period - Snap shot by Petr Sykora.
0:16 of 2nd period - Shot Blocked by Mattias Ohlund.
0:30 of 2nd period - Wrist shot by John Zeiler.
0:30 of 2nd period - Shot Misses the Net.
0:42 of 2nd period - Jamie Benn is hit by Pat Rissmiller and loses puck.
1:42 of 2nd period - Minor Penalty to Jamie Benn for Roughing.
1:42 of 2nd period - Minor Penalty to Andy Greene for Holding Stick.
1:43 of 2nd period - Brandon Dubinsky wins face-off versus Martin Hanzal in neutral zone.
2:46 of 2nd period - Denis Hamel is hit by Eric Tangradi and loses puck.
3:19 of 2nd period - Stanislav Neckar is hit by Mattias Ohlund and loses puck.
3:39 of 2nd period - Snap shot by John Zeiler.
3:39 of 2nd period - Shot Misses the Net.
3:42 of 2nd period - Penalty to Jamie Benn is over, Jamie Benn is back on ice.
3:42 of 2nd period - Penalty to Andy Greene is over, Andy Greene is back on ice.
5:37 of 2nd period - Bobby Butler is hit by Mattias Ohlund and loses puck.
5:38 of 2nd period - Bobby Butler from Manchots is injured at 5:38 of 2nd period (Right Leg).
5:39 of 2nd period - Martin Hanzal wins face-off versus Brandon Dubinsky in Manchots zone.
5:41 of 2nd period - Icing by Stanislav Neckar.
5:42 of 2nd period - Jamie Benn wins face-off versus Brandon Dubinsky in Manchots zone.
6:11 of 2nd period - Wrist shot by Mike Watt.
6:11 of 2nd period - Stopped by Semyon Varlamov with a rebound.
6:13 of 2nd period - Wrist shot by Riley Armstrong.
6:13 of 2nd period - Stopped by Semyon Varlamov without a rebound.
6:14 of 2nd period - Martin Hanzal wins face-off versus Boyd Gordon in Atomiques zone.
6:17 of 2nd period - Snap shot by Alexander Radulov.
6:17 of 2nd period - Goal by Alexander Radulov - Atomiques : 0 - Manchots : 1.
6:18 of 2nd period - Martin Hanzal wins face-off versus Brandon Dubinsky in neutral zone.
6:43 of 2nd period - Wes O'Neill is hit by Cal Clutterbuck.
6:53 of 2nd period - Snap shot by Boyd Gordon.
6:53 of 2nd period - Shot Misses the Net.
7:09 of 2nd period - Slapshot by Andy Greene.
7:09 of 2nd period - Shot Blocked by Bryan Allen.
7:11 of 2nd period - Slapshot by John Zeiler.
7:11 of 2nd period - Shot Misses the Net.
7:29 of 2nd period - Slapshot by Riley Armstrong.
7:29 of 2nd period - Shot Misses the Net.
7:43 of 2nd period - Brandon Dubinsky is hit by Petr Sykora.
7:47 of 2nd period - Wrist shot by Phil Kessel.
7:47 of 2nd period - Stopped by Ondrej Pavelec without a rebound.
7:48 of 2nd period - Pat Rissmiller wins face-off versus Martin Hanzal in Manchots zone.
8:12 of 2nd period - Pernell Karl Subban is hit by Boyd Gordon and loses puck.
8:49 of 2nd period - Shawn Belle is hit by Alexander Radulov and loses puck.
9:06 of 2nd period - Snap shot by Petr Sykora.
9:06 of 2nd period - Goal by Petr Sykora - Atomiques : 0 - Manchots : 2.
9:07 of 2nd period - Brandon Dubinsky wins face-off versus Martin Hanzal in neutral zone.
9:21 of 2nd period - Off-side.
9:22 of 2nd period - Boyd Gordon wins face-off versus Riley Armstrong in neutral zone.
9:47 of 2nd period - Pascal Pelletier is hit by Hal Gill and loses puck.
9:58 of 2nd period - Wrist shot by Martin Hanzal.
9:58 of 2nd period - Shot Blocked by Adam Pardy.
10:31 of 2nd period - Denis Hamel is hit by Mike Watt.
10:51 of 2nd period - Martin Hanzal is hit by Nick Johnson and loses puck.
11:13 of 2nd period - Phil Kessel is hit by Alexander Radulov and loses puck.
12:02 of 2nd period - Hal Gill is hit by Kyle Okposo and loses puck.
12:19 of 2nd period - Slapshot by Mike Watt.
12:19 of 2nd period - Shot Misses the Net.
12:23 of 2nd period - Snap shot by Riley Armstrong.
12:23 of 2nd period - Stopped by Semyon Varlamov with a rebound.
12:34 of 2nd period - Off-side.
12:35 of 2nd period - Logan Couture wins face-off versus Kyle Turris in neutral zone.
12:44 of 2nd period - Snap shot by Petr Sykora.
12:44 of 2nd period - Stopped by Semyon Varlamov with a rebound.
12:46 of 2nd period - Slapshot by Hal Gill.
12:46 of 2nd period - Shot Misses the Net.
12:58 of 2nd period - Mattias Ohlund is hit by Tyler Kennedy and loses puck.
13:03 of 2nd period - Snap shot by Tyler Kennedy.
13:03 of 2nd period - Stopped by Semyon Varlamov without a rebound.
13:04 of 2nd period - Tyler Kennedy wins face-off versus Brandon Dubinsky in Atomiques zone.
14:06 of 2nd period - Denis Hamel is hit by Cal Clutterbuck and loses puck.
14:20 of 2nd period - Icing by Riley Armstrong.
14:21 of 2nd period - Riley Armstrong wins face-off versus Brett Sutter in Manchots zone.
14:21 of 2nd period - Riley Armstrong is hit by Brett Sutter.
14:46 of 2nd period - Snap shot by Riley Armstrong.
14:46 of 2nd period - Stopped by Semyon Varlamov with a rebound.
14:48 of 2nd period - Slapshot by Pernell Karl Subban.
14:48 of 2nd period - Stopped by Semyon Varlamov without a rebound.
14:49 of 2nd period - Brandon Dubinsky wins face-off versus Martin Hanzal in Atomiques zone.
14:49 of 2nd period - Brandon Dubinsky is hit by Jamie Benn.
14:56 of 2nd period - Mattias Ohlund is hit by Martin Hanzal and loses puck.
15:05 of 2nd period - Wrist shot by Phil Kessel.
15:05 of 2nd period - Shot Blocked by Kris Russell.
15:11 of 2nd period - Slapshot by Mattias Ohlund.
15:11 of 2nd period - Stopped by Ondrej Pavelec with a rebound.
15:13 of 2nd period - Slapshot by Brandon Dubinsky.
15:13 of 2nd period - Shot Misses the Net.
15:15 of 2nd period - Snap shot by Pat Rissmiller.
15:15 of 2nd period - Shot Misses the Net.
15:17 of 2nd period - Snap shot by Phil Kessel.
15:17 of 2nd period - Stopped by Ondrej Pavelec with a rebound.
15:19 of 2nd period - Wrist shot by Brandon Dubinsky.
15:19 of 2nd period - Stopped by Ondrej Pavelec without a rebound.
15:20 of 2nd period - Boyd Gordon wins face-off versus Logan Couture in Manchots zone.
15:25 of 2nd period - Slapshot by Brendon Nash.
15:25 of 2nd period - Deflect By Pascal Pelletier.
15:25 of 2nd period - Shot Misses the Net.
15:25 of 2nd period - Puck is out of play.
15:26 of 2nd period - Boyd Gordon wins face-off versus Logan Couture in Manchots zone.
16:13 of 2nd period - Tyler Kennedy is hit by Denis Hamel and loses puck.
16:50 of 2nd period - Martin Hanzal is hit by Pascal Pelletier and loses puck.
16:55 of 2nd period - Wrist shot by Boyd Gordon.
16:55 of 2nd period - Shot Blocked by Petr Sykora.
16:57 of 2nd period - Wrist shot by Pascal Pelletier.
16:57 of 2nd period - Goal by Pascal Pelletier - Atomiques : 1 - Manchots : 2.
16:58 of 2nd period - Martin Hanzal wins face-off versus Brandon Dubinsky in neutral zone.
17:17 of 2nd period - Mattias Ohlund is hit by Pernell Karl Subban.
17:27 of 2nd period - Slapshot by Mattias Ohlund.
17:27 of 2nd period - Shot Blocked by Pernell Karl Subban.
17:29 of 2nd period - Wrist shot by Pascal Pelletier.
17:29 of 2nd period - Stopped by Ondrej Pavelec with a rebound.
17:31 of 2nd period - Snap shot by Boyd Gordon.
17:31 of 2nd period - Shot Misses the Net.
17:45 of 2nd period - Icing by Petr Sykora.
17:46 of 2nd period - Logan Couture wins face-off versus Kyle Turris in Manchots zone.
18:37 of 2nd period - Backhand shot by Boyd Gordon.
18:37 of 2nd period - Stopped by Ondrej Pavelec without a rebound.
18:38 of 2nd period - Logan Couture wins face-off versus Boyd Gordon in Manchots zone.
18:38 of 2nd period - Logan Couture is hit by Pascal Pelletier.
19:12 of 2nd period - Wes O'Neill is hit by Stanislav Neckar and loses puck.
19:39 of 2nd period - Tyler Kennedy is hit by Mattias Ohlund.
3rd period
0:01 of 3rd period - Brandon Dubinsky wins face-off versus Martin Hanzal in neutral zone.
0:06 of 3rd period - Alexander Radulov is hit by Pat Rissmiller and loses puck.
1:08 of 3rd period - Snap shot by Tyler Kennedy.
1:08 of 3rd period - Goal by Tyler Kennedy - Atomiques : 1 - Manchots : 3.
1:09 of 3rd period - Brandon Dubinsky wins face-off versus Martin Hanzal in neutral zone.
1:29 of 3rd period - Pat Rissmiller is hit by Alexander Radulov and loses puck.
1:42 of 3rd period - Slapshot by Wes O'Neill.
1:42 of 3rd period - Shot Blocked by Logan Couture.
2:02 of 3rd period - Slapshot by John Zeiler.
2:02 of 3rd period - Deflect By Denis Hamel.
2:02 of 3rd period - Shot Misses the Net.
2:02 of 3rd period - Puck is out of play.
2:03 of 3rd period - Kyle Turris wins face-off versus Eric Tangradi in Manchots zone.
2:06 of 3rd period - Snap shot by Denis Hamel.
2:06 of 3rd period - Shot Blocked by Pernell Karl Subban.
2:08 of 3rd period - Wrist shot by Kyle Turris.
2:08 of 3rd period - Shot Misses the Net.
2:10 of 3rd period - Snap shot by John Zeiler.
2:10 of 3rd period - Goal by John Zeiler - Atomiques : 2 - Manchots : 3.
2:11 of 3rd period - Martin Hanzal wins face-off versus Brandon Dubinsky in neutral zone.
2:41 of 3rd period - Slapshot by Boyd Gordon.
2:41 of 3rd period - Shot Misses the Net.
2:42 of 3rd period - Minor Penalty to Riley Armstrong for Tripping.
2:43 of 3rd period - Cal Clutterbuck wins face-off versus Brandon Dubinsky in Manchots zone.
3:15 of 3rd period - Wrist shot by Pat Rissmiller.
3:15 of 3rd period - Stopped by Ondrej Pavelec without a rebound.
3:16 of 3rd period - Logan Couture wins face-off versus Brandon Dubinsky in Manchots zone.
3:16 of 3rd period - Logan Couture is hit by Phil Kessel.
3:38 of 3rd period - Snap shot by Boyd Gordon.
3:38 of 3rd period - Stopped by Ondrej Pavelec with a rebound.
3:50 of 3rd period - Slapshot by Jamie Benn.
3:50 of 3rd period - Shot Blocked by Denis Hamel.
4:42 of 3rd period - Penalty to Riley Armstrong is over, Riley Armstrong is back on ice.
4:58 of 3rd period - Minor Penalty to Eric Tangradi for Roughing.
4:58 of 3rd period - Minor Penalty to Nick Johnson for Interference.
4:59 of 3rd period - Martin Hanzal wins face-off versus Brandon Dubinsky in Atomiques zone.
5:00 of 3rd period - Slapshot by Alexander Radulov.
5:00 of 3rd period - Shot Misses the Net.
5:02 of 3rd period - Slapshot by Stanislav Neckar.
5:02 of 3rd period - Deflect By Mattias Ohlund.
5:02 of 3rd period - Stopped by Semyon Varlamov without a rebound.
5:03 of 3rd period - Alexander Radulov wins face-off versus Brandon Dubinsky in Atomiques zone.
5:10 of 3rd period - Snap shot by Martin Hanzal.
5:10 of 3rd period - Stopped by Semyon Varlamov with a rebound.
5:12 of 3rd period - Slapshot by Stanislav Neckar.
5:12 of 3rd period - Stopped by Semyon Varlamov without a rebound.
5:13 of 3rd period - Brandon Dubinsky wins face-off versus Martin Hanzal in Atomiques zone.
5:17 of 3rd period - Icing by Adam Pardy.
5:18 of 3rd period - Brandon Dubinsky wins face-off versus Martin Hanzal in Atomiques zone.
5:32 of 3rd period - Snap shot by Martin Hanzal.
5:32 of 3rd period - Stopped by Semyon Varlamov with a rebound.
5:34 of 3rd period - Snap shot by Alexander Radulov.
5:34 of 3rd period - Shot Blocked by Adam Pardy.
5:51 of 3rd period - Icing by Mattias Ohlund.
5:52 of 3rd period - Denis Hamel wins face-off versus Riley Armstrong in Atomiques zone.
6:33 of 3rd period - Wes O'Neill is hit by Alexander Radulov and loses puck.
6:44 of 3rd period - Riley Armstrong is hit by Wes O'Neill and loses puck.
6:51 of 3rd period - Snap shot by Pascal Pelletier.
6:51 of 3rd period - Stopped by Ondrej Pavelec without a rebound.
6:52 of 3rd period - Brandon Dubinsky wins face-off versus Martin Hanzal in Manchots zone.
6:58 of 3rd period - Penalty to Eric Tangradi is over, Eric Tangradi is back on ice.
6:58 of 3rd period - Penalty to Nick Johnson is over, Nick Johnson is back on ice.
7:17 of 3rd period - Martin Hanzal is hit by Wes O'Neill.
7:23 of 3rd period - Snap shot by Martin Hanzal.
7:23 of 3rd period - Goal by Martin Hanzal - Atomiques : 2 - Manchots : 4.
7:24 of 3rd period - Kyle Turris wins face-off versus Logan Couture in neutral zone.
7:36 of 3rd period - Minor Penalty to Denis Hamel for Roughing.
7:37 of 3rd period - Martin Hanzal wins face-off versus Brandon Dubinsky in Atomiques zone.
7:38 of 3rd period - Wrist shot by Alexander Radulov.
7:38 of 3rd period - Stopped by Semyon Varlamov with a rebound.
7:40 of 3rd period - Wrist shot by Alexander Radulov.
7:40 of 3rd period - Shot Misses the Net.
7:42 of 3rd period - Slapshot by Pernell Karl Subban.
7:42 of 3rd period - Stopped by Semyon Varlamov with a rebound.
8:50 of 3rd period - Boyd Gordon is hit by Stanislav Neckar and loses puck.
9:11 of 3rd period - Petr Sykora is hit by Kevin Estrada and loses puck.
9:36 of 3rd period - Penalty to Denis Hamel is over, Denis Hamel is back on ice.
9:47 of 3rd period - Slapshot by Denis Hamel.
9:47 of 3rd period - Shot Blocked by Matt Corrente.
9:49 of 3rd period - Slapshot by Shawn Belle.
9:49 of 3rd period - Shot Misses the Net.
9:51 of 3rd period - Snap shot by Kyle Turris.
9:51 of 3rd period - Stopped by Ondrej Pavelec with a rebound.
9:53 of 3rd period - Snap shot by Kyle Turris.
9:53 of 3rd period - Stopped by Ondrej Pavelec without a rebound.
9:54 of 3rd period - Brandon Dubinsky wins face-off versus Riley Armstrong in Manchots zone.
10:41 of 3rd period - Snap shot by Denis Hamel.
10:41 of 3rd period - Shot Misses the Net.
10:59 of 3rd period - Snap shot by Boyd Gordon.
10:59 of 3rd period - Shot Misses the Net.
11:03 of 3rd period - Slapshot by Brendon Nash.
11:03 of 3rd period - Shot Blocked by Pernell Karl Subban.
11:52 of 3rd period - Mattias Ohlund is hit by Logan Couture and loses puck.
12:14 of 3rd period - Icing by Matt Corrente.
12:15 of 3rd period - Boyd Gordon wins face-off versus Tyler Kennedy in Manchots zone.
12:24 of 3rd period - Slapshot by Matt Corrente.
12:24 of 3rd period - Deflect By Brendon Nash.
12:24 of 3rd period - Stopped by Semyon Varlamov without a rebound.
12:25 of 3rd period - Boyd Gordon wins face-off versus Martin Hanzal in Atomiques zone.
12:59 of 3rd period - Wrist shot by Boyd Gordon.
12:59 of 3rd period - Stopped by Ondrej Pavelec with a rebound.
13:32 of 3rd period - Slapshot by Adam Pardy.
13:32 of 3rd period - Stopped by Ondrej Pavelec with a rebound.
14:29 of 3rd period - Slapshot by Hal Gill.
14:29 of 3rd period - Shot Misses the Net.
15:01 of 3rd period - Slapshot by Bryan Allen.
15:01 of 3rd period - Shot Blocked by Brett Sutter.
15:41 of 3rd period - Snap shot by John Zeiler.
15:41 of 3rd period - Shot Misses the Net.
15:45 of 3rd period - Snap shot by John Zeiler.
15:45 of 3rd period - Shot Blocked by Kris Russell.
16:30 of 3rd period - Riley Armstrong is hit by Wes O'Neill and loses puck.
16:39 of 3rd period - Slapshot by Kris Russell.
16:39 of 3rd period - Stopped by Semyon Varlamov without a rebound.
16:40 of 3rd period - Martin Hanzal wins face-off versus Kyle Turris in Atomiques zone.
16:43 of 3rd period - Snap shot by Martin Hanzal.
16:43 of 3rd period - Shot Blocked by Shawn Belle.
16:45 of 3rd period - Slapshot by Pernell Karl Subban.
16:45 of 3rd period - Stopped by Semyon Varlamov without a rebound.
16:46 of 3rd period - Martin Hanzal wins face-off versus Kyle Turris in Atomiques zone.
16:57 of 3rd period - Snap shot by Martin Hanzal.
16:57 of 3rd period - Shot Misses the Net.
16:59 of 3rd period - Snap shot by Jamie Benn.
16:59 of 3rd period - Shot Blocked by Andy Greene.
17:01 of 3rd period - Wrist shot by Martin Hanzal.
17:01 of 3rd period - Stopped by Semyon Varlamov with a rebound.
17:19 of 3rd period - Slapshot by Andy Greene.
17:19 of 3rd period - Stopped by Ondrej Pavelec without a rebound.
17:20 of 3rd period - Martin Hanzal wins face-off versus Brandon Dubinsky in Manchots zone.
17:34 of 3rd period - Slapshot by Martin Hanzal.
17:34 of 3rd period - Shot Blocked by Pat Rissmiller.
17:36 of 3rd period - Snap shot by Martin Hanzal.
17:36 of 3rd period - Stopped by Semyon Varlamov with a rebound.
17:52 of 3rd period - Snap shot by John Zeiler.
17:52 of 3rd period - Shot Blocked by Mike Watt.
17:54 of 3rd period - Snap shot by Wes O'Neill.
17:54 of 3rd period - Deflect By Stanislav Neckar.
17:54 of 3rd period - Stopped by Ondrej Pavelec with a rebound.
17:56 of 3rd period - Snap shot by Kyle Turris.
17:56 of 3rd period - Shot Misses the Net.
17:58 of 3rd period - Snap shot by Wes O'Neill.
17:58 of 3rd period - Shot Blocked by Riley Armstrong.
18:17 of 3rd period - Slapshot by Brendon Nash.
18:17 of 3rd period - Stopped by Ondrej Pavelec with a rebound.
Output by the SimonT Hockey Simulator (STHS) for François Prévost -- Original Page W3C XHTML 1.0 Valid